 Dungeon Crawl Stone Soup version 0.21.1-1-g345015fe64 (webtiles) character file.

219 NullDivider the Charlatan (level 5, -2/27 HPs)
             Began as a Spriggan Artificer on May 9, 2018.
             Slain by a crimson imp (3 damage)
             ... on level 5 of the Dungeon.
             The game lasted 00:23:39 (5544 turns).

NullDivider the Charlatan (Spriggan Artificer)      Turns: 5544, Time: 00:23:40

Health: -2/27      AC:  2    Str:  8    XL:     5   Next: 63%
Magic:  9/9        EV: 19    Int: 13    God:
Gold:   229        SH:  0    Dex: 17    Spells: 4/4 levels left

rFire    + . .     SeeInvis +   a - +0 short sword
rCold    . . .     Gourm    .   (shield restricted)
rNeg     . . .     Faith    .   b - +0 robe
rPois    .         Spirit   .   (helmet restricted)
rElec    .         Reflect  .   (no cloak)
rCorr    .         Harm     .   (gloves unavailable)
MR       .....                  (boots unavailable)
Stlth    +++.......             (no amulet)
HPRegen  0.09/turn              (no ring)
MPRegen  0.11/turn              i - ring of protection from fire

@: very quick
A: very small, unfitting armour, see invisible, herbivore, speed 3, slow
metabolism 2
a: no special abilities


You were on level 5 of the Dungeon.
You were hungry.

You visited 1 branch of the dungeon, and saw 5 of its levels.

You collected 229 gold pieces.

Inventory:

Hand Weapons
 a - a +0 short sword (weapon)
 w - a +0 hunting sling
Missiles
 n - 167 stones (quivered)
 o - 32 sling bullets
 s - 49 arrows
Armour
 b - a +0 robe (worn)
Jewellery
 h - an uncursed ring of flight
 i - a ring of protection from fire (right hand)
 p - an uncursed ring of fire
Wands
 c - a wand of flame (8)
 d - a wand of enslavement (13)
 e - a wand of random effects (6)
 B - a wand of clouds (5)
Scrolls
 g - 5 scrolls of remove curse
 j - 3 scrolls of enchant armour
 m - a scroll of identify
 q - a scroll of magic mapping {unknown}
 u - a scroll of amnesia {unknown}
 v - 2 scrolls of teleportation
 y - 2 scrolls of immolation {unknown}
 D - a scroll of enchant weapon {unknown}
Potions
 k - a potion of berserk rage {unknown}
 l - a potion of heal wounds {unknown}
 t - a potion of ambrosia {unknown}
 x - 2 potions of curing
 z - 3 potions of lignification {unknown}
 A - a potion of resistance {unknown}
 C - 3 potions of brilliance {unknown}
Books
 E - a book of Clouds

   Spells                             Type                      Level
   a - Poisonous Vapours              Poison/Air                   2
   b - Mephitic Cloud                 Conjuration/Poison/Air       3
   c - Conjure Flame                  Conjuration/Fire             3
   d - Freezing Cloud                 Conjuration/Ice/Air          6
   e - Ring of Flames                 Charms/Fire                  7
Comestibles
 f - 4 rations


   Skills:
 * Level 2.7 Fighting
 + Level 2.7 Short Blades
 + Level 4.3 Dodging
 + Level 3.8 Stealth
 + Level 4.9 Evocations


You had 4 spell levels left.
You didn't know any spells.

Dungeon Overview and Level Annotations

Branches:
Dungeon (5/15)
 Temple: D:4-7

Altars:
Cheibriados
Kikubaaqudgha
Uskayaw
Xom
The Shining One

Shops:
D:4 }   D:5 [

Annotations:
D:3 2 transporters
D:4 Edmund
D:5 1 transporter


Innate Abilities, Weirdness & Mutations

You are very small and have problems with some larger weapons.
You are too small for most types of armour.
You have supernaturally acute eyesight. (SInv)
You are a herbivore.
You cover ground extremely quickly.
You need consume almost no food.


Message History

The fireball explodes!
The fireball engulfs the crimson imp.
The crimson imp completely resists.
That item cannot be evoked!
Okay, then.
Evoke which item? (* to show all) (? for menu, Esc to quit)
Aiming: Random Effects
Press: ? - help, Shift-Dir - straight line, f/p - crimson imp
Aim: a crimson imp, wearing a small ruby ring The crimson imp seems to speed up.
The crimson imp completely misses you.
You miss the crimson imp. The crimson imp completely misses you.
You hit the crimson imp.
The crimson imp is moderately wounded.
The crimson imp hits you.
* * * LOW HITPOINT WARNING * * *
The crimson imp misses you.
You miss the crimson imp.
The crimson imp is lightly wounded.
The crimson imp hits you.
You die...

. ### ..# # #.## .#
############)
...####..#
#..5@........
###....Z.#
#.##########.
#..##.#####<###
###$.##..............
..?..##.$.###ยง#######
###.Y#.# #.....
###.).#####.5(#
#.............#
......##.#..#.#


You could see a crimson imp.

Vanquished Creatures
  A bullfrog skeleton (D:5)
  2 worker ants (D:4)
  4 adders
  An ooze (D:2)
  2 worms (D:2)
  3 dart slugs
  4 leopard geckos
  2 orcs
  A ball python (D:2)
  4 goblins
  8 hobgoblins
  6 jackals
  10 kobolds
  3 quokkas
  9 bats
  5 frilled lizards
  5 rats
70 creatures vanquished.

Vanquished Creatures (collateral kills)
  A centaur skeleton (D:5)
1 creature vanquished.

Grand Total: 71 creatures vanquished

Notes
Turn   | Place    | Note
-------+----------+-------------------------------------------
     0 | D:1      | NullDivider the Spriggan Artificer began the quest for the Orb.
     0 | D:1      | Reached XP level 1. HP: 9/9 MP: 4/4
   163 | D:1      | Reached skill level 1 in Fighting
   410 | D:1      | Reached XP level 2. HP: 14/14 MP: 6/6
  1508 | D:2      | Reached XP level 3. HP: 18/18 MP: 7/7
  2126 | D:2      | Noticed a hand axe
  2127 | D:2      | Noticed a dagger
  2525 | D:2      | Reached XP level 4. HP: 17/23 MP: 8/8
  2710 | D:2      | Found a hide-covered altar of Uskayaw.
  3090 | D:3      | Found a transporter.
  3099 | D:3      | Noticed a kobold demonologist
  3121 | D:3      | Found a transporter.
  3617 | D:4      | Found Erixt's Gadget Emporium.
  3868 | D:4      | Reached XP level 5. HP: 23/27 MP: 9/9
  3945 | D:4      | Found a shimmering altar of Xom.
  4868 | D:5      | Entered Level 5 of the Dungeon
  5009 | D:5      | Found Kaoreug's Armour Shop.
  5027 | D:5      | Noticed an ice beast
  5047 | D:5      | HP: 1/27 [crimson imp (1)]
  5053 | D:5      | Noticed a sky beast
  5071 | D:5      | Found a snail-covered altar of Cheibriados.
  5072 | D:5      | Found an ancient bone altar of Kikubaaqudgha.
  5072 | D:5      | Found a transporter.
  5073 | D:5      | Found a glowing golden altar of the Shining One.
  5333 | D:5      | Noticed Edmund
  5511 | D:5      | HP: 1/27 [Edmund/flail of crushing (3)]
  5543 | D:5      | HP: 1/27 [crimson imp (3)]
  5544 | D:5      | Slain by a crimson imp

Skill      XL: |  1  2  3  4 |
---------------+-------------+-----
Fighting       | 1 2 |  2.7
Stealth        | 2 3 |  3.8
Short Blades   | 2 |  2.7
Dodging        | 4 |  4.3
Evocations     | |  4.9

Action                   |  1- 3 |  4- 6 || total
-------------------------+-------+-------++-------
Melee: Short sword       |   160 |   163 ||   323
 Fire: Hunting sling     |       |     7 ||     7
 Abil: Evoke Flight      |     1 |       ||     1
Evoke: Wand              |     4 |    14 ||    18
  Use: Scroll            |       |     9 ||     9
       Potion            |       |     2 ||     2
 Stab: Sleeping          |    10 |     7 ||    17
       Distracted        |       |     3 ||     3
  Eat: Ration            |       |     1 ||     1
Armor: Robe              |    18 |     8 ||    26
Dodge: Dodged            |   128 |   132 ||   260
